Map: Ruins of Endion

Players

Indy

  • Race: Protoss Protoss
  • League: Grandmaster

Miszu - Winner!

  • Race: Terran Terran
  • League: Grandmaster

VOD

Have the link to the VOD?

Description

Time

  • Played on: May 20, 2016, 3:43 p.m.
  • Length: 11:11
Show
View Real Time Build Order
Export as new Build Order

Indy Protoss 

Build Orders: 1 Gate Expand, Blink Stalkers 

Get SALT Encoding   

  12  0:00  Probe (Chrono Boost)  
  13  0:11  Probe (Chrono Boost)  
  14  0:18  Pylon  
  14  0:21  Probe (Chrono Boost)  
  15  0:36  Probe (Chrono Boost)  
  15  0:37  Gateway  
  16  0:43  Assimilator  
  16  0:47  Probe (Chrono Boost)  
  17  0:57  Probe (Chrono Boost)  
  18  1:08  Probe (Chrono Boost)  
  19  1:23  Nexus  
  19  1:31  Cybernetics Core  
  19  1:32  Probe (Chrono Boost)  
  20  1:40  Assimilator  
  20  1:42  Probe (Chrono Boost)  
  20  1:46  Pylon  
  21  1:53  Probe (Chrono Boost)  
  22  2:03  Probe (Chrono Boost)  
  22  2:07  Adept (Chrono Boost), Warp Gate  
  25  2:15  Probe  
  26  2:27  Mothership Core (Chrono Boost)  
  28  2:36  Probe (Chrono Boost)  
  29  2:46  Probe x2 (Chrono Boost)  
  31  2:52  Robotics Facility  
  31  2:56  Probe (Chrono Boost)  
  31  2:57  Probe (Chrono Boost)  
  33  3:00  Twilight Council  
  33  3:07  Probe (Chrono Boost)  
  34  3:15  Probe (Chrono Boost)  
  34  3:17  Probe (Chrono Boost)  
  34  3:18  Gateway  
  36  3:23  Gateway  
  36  3:27  Probe (Chrono Boost)  
  37  3:28  Probe (Chrono Boost)  
  38  3:36  Probe (Chrono Boost)  
  38  3:37  Pylon  
  38  3:38  Probe (Chrono Boost)  
  38  3:39  Assimilator  
  40  3:41  Observer  
  40  3:42  Blink (Chrono Boost)  
  40  3:46  Probe  
  42  3:50  Probe  
  43  3:56  Probe  
  43  4:02  Probe  
  45  4:05  Nexus  
  45  4:07  Probe  
  46  4:14  Probe  
  47  4:17  Probe  
  46  4:24  Stalker x2  
  46  4:26  Probe  
  46  4:27  Pylon  
  46  4:28  Probe  
  46  4:31  Stalker  
  54  4:43  Probe  
  54  4:45  Observer, Probe  
  57  4:48  Stalker x2  
  57  4:50  Pylon  
  61  4:58  Probe  
  62  5:02  Pylon  
  62  5:04  Gateway  
  62  5:06  Gateway, Probe  
  62  5:09  Stalker  
  62  5:13  Stalker x2  
  69  5:17  Pylon  
  69  5:26  Probe  
  69  5:27  Probe x2  
  72  5:33  Stalker  
  74  5:36  Resonating Glaives (Chrono Boost)  
  74  5:41  Stalker x2  
  74  5:42  Warp Prism (Chrono Boost)  
  80  5:46  Probe x2  
  80  5:47  Probe  
  82  5:57  Gateway  
  82  5:59  Gateway x2  
  82  6:02  Pylon  
  82  6:03  Pylon, Probe  
  83  6:04  Probe x2  
  85  6:13  Sentry x2  
  85  6:14  Adept x2  
  85  6:18  Observer (Chrono Boost)  
  94  6:21  Adept  
  96  6:35  Stalker x2, Probe  
  96  6:36  Probe x2  
  96  6:38  Adept x2  
  96  6:39  Pylon  
  107  6:42  Pylon  
  107  6:50  Stalker  
  109  6:57  Charge  
  109  7:03  Pylon  
  109  7:05  Adept  
  111  7:09  Zealot x3, Pylon, Assimilator  
  117  7:27  Adept x5  
  127  7:49  Adept x3, Probe  
  127  7:50  Probe  
  127  7:51  Probe  
  130  7:59  Zealot x5  
  130  8:00  Probe  
  130  8:02  Forge  
  130  8:03  Forge, Probe  
  132  8:06  Gateway x3  
  132  8:08  Assimilator  
  132  8:09  Warp Prism (Chrono Boost)  
  132  8:10  Assimilator  
  130  8:21  Zealot x8  
  118  8:44  Stalker x4  
  118  8:45  Stalker x4  
  134  8:49  Pylon  
  120  9:12  Zealot x8  
  126  9:19  Probe  
  126  9:20  Probe x2  
  123  9:25  Immortal (Chrono Boost)  
  123  9:30  Protoss Ground Weapons Level 1 (Chrono Boost), Protoss Ground Armor Level 1 (Chrono Boost)  
  115  9:41  Zealot x10  
  115  9:42  Zealot  
  136  10:01  Pylon  
  136  10:03  Zealot x6  
  146  10:26  Immortal  
  129  10:34  Stalker x3  
  107  10:38  Zealot  
  107  10:39  Sentry x3, Zealot x2  
  107  10:40  Sentry  
Show
View Real Time Build Order
Export as new Build Order

Miszu Terran - Winner!

Build Orders: Reaper Expand, MMM Bio 

Get SALT Encoding   

  12  0:00  SCV  
  13  0:12  SCV  
  14  0:17  Supply Depot  
  14  0:24  SCV  
  15  0:39  SCV  
  15  0:40  Barracks  
  16  0:43  Refinery  
  16  0:51  SCV  
  17  1:03  SCV  
  18  1:15  SCV  
  19  1:27  Reaper  
  19  1:29  Orbital Command  
  20  1:42  Command Center  
  20  1:49  Supply Depot  
  20  1:55  SCV  
  20  2:00  Barracks Reactor  
  21  2:07  SCV  
  22  2:15  Engineering Bay  
  22  2:17  Barracks  
  22  2:21  SCV  
  23  2:35  Marine x2  
  25  2:37  SCV  
  25  2:42  Terran Infantry Weapons Level 1  
  26  2:49  SCV  
  27  2:53  Marine x2, Orbital Command  
  29  3:01  SCV  
  29  3:05  Barracks Tech Lab  
  30  3:11  Marine x2  
  31  3:13  SCV  
  32  3:25  SCV  
  32  3:28  Stimpack  
  32  3:29  Marine x2, SCV  
  32  3:32  Barracks  
  36  3:34  Missile Turret  
  36  3:36  Missile Turret  
  36  3:37  SCV  
  36  3:41  SCV  
  37  3:42  Refinery  
  37  3:47  Marauder  
  39  3:49  SCV  
  39  3:51  Supply Depot  
  39  3:53  SCV  
  41  4:01  SCV  
  42  4:04  Factory  
  42  4:07  Refinery  
  42  4:08  Marine x2  
  44  4:11  Marauder  
  44  4:14  SCV  
  47  4:23  SCV  
  50  4:31  SCV  
  50  4:35  SCV  
  54  4:42  Terran Infantry Armor Level 1  
  54  4:47  SCV x2  
  54  4:48  Supply Depot, Barracks Tech Lab  
  54  4:49  Starport  
  54  4:50  Factory Reactor  
  51  4:53  Supply Depot  
  51  4:54  Marine, Marauder  
  54  5:09  Marine, SCV, Combat Shields  
  54  5:10  Marauder, SCV  
  54  5:11  Supply Depot  
  54  5:12  Marine  
  60  5:17  Supply Depot  
  60  5:22  SCV x2  
  60  5:23  Marine  
  60  5:27  Marine  
  64  5:33  Marine x2  
  64  5:34  SCV, Factory Reactor  
  67  5:37  Medivac  
  67  5:38  Medivac  
  67  5:41  SCV  
  72  5:44  Command Center  
  72  5:55  SCV  
  72  5:56  SCV  
  74  5:59  Refinery, Armory  
  74  6:00  Marine x2  
  76  6:06  Supply Depot  
  76  6:07  SCV  
  77  6:17  Barracks x2, SCV  
  78  6:20  SCV  
  81  6:25  Marine, Marauder  
  81  6:26  Marauder  
  81  6:29  Widow Mine  
  81  6:30  Widow Mine  
  88  6:34  Supply Depot  
  88  6:36  SCV  
  88  6:37  SCV  
  90  6:46  Terran Infantry Weapons Level 2  
  90  6:48  SCV  
  90  6:50  SCV  
  90  6:52  Medivac  
  94  6:55  Medivac  
  94  7:01  SCV  
  96  7:02  Marine  
  96  7:03  Marine, Marauder x2  
  96  7:07  SCV  
  96  7:08  Supply Depot  
  103  7:10  Orbital Command  
  103  7:13  Barracks Reactor, SCV  
  103  7:14  Barracks Tech Lab  
  104  7:19  SCV  
  103  7:27  Widow Mine x2  
  103  7:42  Medivac x2  
  103  7:43  Marauder  
  108  7:54  Marauder  
  108  7:55  Marine  
  108  7:56  Marauder  
  107  8:03  Marine  
  107  8:04  Marine x2  
  107  8:05  Marauder  
  107  8:13  Marine  
  107  8:16  Marauder  
  107  8:17  Command Center  
  110  8:28  Marine  
  110  8:29  Marine  
  110  8:31  Marine x3  
  110  8:32  Marine  
  109  8:36  Marine  
  109  8:38  Liberator x2  
  110  8:55  Supply Depot, Marine x5, Marauder x2  
  116  9:13  Marine, Reaper, Marauder  
  116  9:14  Concussive Shells  
  116  9:17  Marauder x2  
  120  9:30  Orbital Command  
  118  9:34  Marine, Marauder  
  118  9:35  Marine  
  118  9:37  Marine  
  118  9:38  Marauder x2  
  125  9:45  Marine  
  126  9:52  Marine  
  127  9:53  Marine, Medivac  
  127  9:55  Marine x2  
  127  9:59  Marine x2  
  134  10:02  Marine  
  133  10:10  Marine x2  
  133  10:12  Marine  
  133  10:14  Marauder  
  136  10:17  Marauder  
  137  10:24  Marauder  
  137  10:27  Orbital Command  
  135  10:35  Marauder  
  125  10:36  Marine  
  125  10:37  Marine x3  
  125  10:39  Marauder  
  128  10:45  Marine  
Tags
 
Add a new tag
Caveats
  • Supply blocks, unpowered buildings, or Contaminate may cause inaccurate times.
  • Supply counts are checked every 10 seconds.